 Dungeon Crawl Stone Soup version 0.31-a0-435-g2c6fae2916 (webtiles) character file.

Game seed: 1680922135938152136

24 floatRand the Trooper (level 3, 39/39 HPs)
             Began as an Ogre Cinder Acolyte on Aug 1, 2023.
             Was a High Priest of Ignis.
             Quit the game on level 1 of the Dungeon.
             The game lasted 00:00:41 (555 turns).

floatRand the Trooper (Ogre Cinder Acolyte)          Turns: 555, Time: 00:00:42

Health: 39/39      AC:  3    Str: 20    XL:     3   Next: 2%
Magic:  4/4        EV:  9    Int: 15    God:    Ignis [*****.]
Gold:   17         SH:  0    Dex:  4    Spells: 2/4 levels left

rFire   + . .        a - -1 mace (flame)
rCold   . . .        (no shield)
rNeg    . . .        b - +0 robe
rPois   .            (helmet restricted)
rElec   .            (no cloak)
rCorr   .            (gloves unavailable)
SInv    .            (boots unavailable)
Will    .....        (no amulet)
Stlth   +            (no ring)
HPRegen 0.26/turn    (no ring)
MPRegen 0.09/turn

%: no passive effects
@: no status effects
A: large, unfitting armour, tough skin 1
a: Renounce Religion, Fiery Armour, Foxfire Swarm, Rising Flame


You were on level 1 of the Dungeon.
You worshipped Ignis.
Ignis was extremely pleased with you.
You visited 1 branch of the dungeon, and saw 1 of its levels.

You collected 17 gold pieces.

Inventory:

Hand Weapons
 a - a -1 mace of flaming (weapon)
Armour
 b - a +0 robe (worn)
Scrolls
 c - a scroll of teleportation {unknown}
Potions
 d - a potion of brilliance {unknown}


   Skills:
 - Level 4.0 Fighting
 * Level 3.6 Maces & Flails
 - Level 1.2 Spellcasting
 + Level 2.7 Fire Magic


You had 2 spell levels left.
You knew the following spells:

 Your Spells              Type           Power      Damage    Failure   Level
a - Scorch                Fire           18%        2d5       12%         2

Your spell library contained the following spells:

 Spells                   Type           Power      Damage    Failure   Level
 Summon Ice Beast         Ice/Summ       0%         N/A       94%         4
 Summon Mana Viper        Hex/Summ       0%         N/A       100%        5
 Monstrous Menagerie      Summ           0%         N/A       100%        7


Dungeon Overview and Level Annotations

Branches:
Dungeon (1/15)

Altars:


Innate Abilities, Weirdness & Mutations

You are too large for most types of armour.
You have tough skin. (AC +1)


Message History

You see here a bat corpse.
A hobgoblin comes into view.
The hobgoblin shouts!
A hobgoblin is nearby!
A hobgoblin is nearby!
A hobgoblin is nearby!
The hobgoblin hits you.
You hit the hobgoblin. You burn the hobgoblin.
The hobgoblin is heavily wounded.
The hobgoblin hits you.
The hobgoblin hits you but does no damage.
You sock the hobgoblin! You burn the hobgoblin.
You kill the hobgoblin!
No target in view!
Unknown command.
No target in view!
Unknown command.
A bat comes into view.
A bat is nearby!
A bat is nearby!
A bat is nearby!
A bat is nearby!
You completely miss the bat. The bat hits you but does no damage.
A bat comes into view.
The bat hits you but does no damage.
Unknown command.
The bat misses you. The bat hits you but does no damage.
You barely miss the bat. The bat hits you but does no damage.
The bat barely misses you. The bat hits you. The bat closely misses you.
The bat hits you but does no damage.
You enter the shallow water.
The bat hits you but does no damage. x2
Unknown command.
You hit the bat. You burn the bat.
You kill the bat!
The bat hits you but does no damage.
You have reached level 3!
Your experience leads to an increase in your attributes!
Increase (S)trength, (I)ntelligence, or (D)exterity?
You feel stronger. x3
Are you sure you want to abandon this character and quit the game? (Confirm with "yes".)

.†.#####.#.#..##...#
....##.............#
.....#.~≈~~~.≈~~~..#
.......~≈≈~~.≈≈≈~..#
.......≈≈≈≈~.~≈~~..#
.......~≈~~~.~~~~.##
.....#.......~~~~.#
....##.~~~~.......#
...###.~≈≈~.~≈~~@.#
#+## #.~≈~~.~≈≈~≈.#
.~≈≈~.~≈≈≈b.#
~~.~~~~~.#
.........#
.##..##### #.# #. #


You could see a bat.

Vanquished Creatures
  2 endoplasms (D:1)
  A hobgoblin (D:1)
  4 jackals (D:1)
  A quokka (D:1)
  2 ball pythons (D:1)
  5 bats (D:1)
  A frilled lizard (D:1)
  2 kobolds (D:1)
  3 rats (D:1)
21 creatures vanquished.

Notes
Turn   | Place    | Note
-------+----------+-------------------------------------------
     0 | D:1      | floatRand the Ogre Cinder Acolyte began the quest for the
                  | Orb.
     0 | D:1      | Reached XP level 1. HP: 24/24 MP: 2/2
   126 | D:1      | Reached XP level 2. HP: 30/32 MP: 3/3
   309 | D:1      | Learned a level 2 spell: Scorch
   555 | D:1      | Reached XP level 3. HP: 39/39 MP: 4/4
   555 | D:1      | Quit the game

Illustrated notes

Levels and vault maps discovered:
D:1:      sevenhm_arrival_forest_fort_large_2, layout_loops_corners,
          minivault_14

Skill      XL: |  1 |
---------------+----+-----
Maces & Flails | 3 |  3.6
Fighting       | |  4.0
Spellcasting   | |  1.2
Fire Magic     | |  2.7

Action                     || total
---------------------------++-------
  Melee: Mace              ||    69
 Armour: Robe              ||    41
  Dodge: Dodged            ||    52

Table legend: (Time is in decaauts)
 A = Elapsed time spent in this place.
 B = Non-inter-level travel time spent in this place.
 C = Inter-level travel time spent in this place.
 D = Time resting spent in this place.
 E = Time spent auto-exploring this place.
 F = Levels seen in this place.
 G = Mean time per level.
                   A        B        C        D        E       F      G
               +--------+--------+--------+--------+--------+-----+--------+
         Total |    571 |    571 |      0 |      0 |    378 |   1 |  571.0 |
       Dungeon |    571 |    571 |      0 |      0 |    378 |   1 |  571.0 |
               +--------+--------+--------+--------+--------+-----+--------+

Top non-repeatable levels by time:
     D:1: 571 daAuts
